 Dungeon Sprint DCSS version 0.19.1-1-g22dce08 (webtiles) character file.

1283 dvd the Protected (level 8, 0/82 HPs)
             Began as a Minotaur Fighter on Jan 2, 2017.
             Was an Initiate of Okawaru.
             Killed by vampiric draining
             ... invoked by Josephine
              (5 damage)
             ... in the Dungeon (Sprint III: "The Ten Rune Challenge").
             The game lasted 00:04:45 (1695 turns).

dvd the Protected (Minotaur Fighter)                Turns: 1695, Time: 00:04:46

Health: 0/82       AC: 10    Str: 21    XL:     8   Next: 29%
Magic:  7/7        EV: 10    Int:  5    God:    Okawaru [......]
Gold:   39         SH: 12    Dex: 14    Spells: 0 memorised, 7 levels left

rFire  . . .     SeeInvis .     a - +0 war axe
rCold  . . .     Gourm    .     b - +0 scale mail
rNeg   . . .     Faith    .     c - +0 shield
rPois  .         Spirit   .     (helmet restricted)
rElec  .         Reflect  .     m - +0 cloak
rCorr  .         Harm     .     (no gloves)
MR     .....     NoTele   +     (no boots)
Stlth  ..........               (no amulet)
                                (no ring)
                                (no ring)

@: drained
A: retaliatory headbutt, horns 2, agile 1
a: Renounce Religion


You were in the Dungeon.
You worshipped Okawaru.
Okawaru was noncommittal.
You were not hungry.

You visited 1 branch You collected 39 gold pieces.

Inventory:

Hand Weapons
 a - a +0 war axe (weapon)
 n - a +2 quarterstaff of chaos
Armour
 b - a +0 scale mail (worn)
 c - a +0 shield (worn)
 m - a +0 cloak (worn)
Scrolls
 k - a scroll of blinking
 p - 2 scrolls of immolation {unknown}
 q - a scroll of fog {unknown}
 r - a scroll of remove curse {unknown}
 u - a scroll of enchant weapon {unknown}
 v - a scroll of identify {unknown}
Potions
 e - a potion of curing
 i - 2 potions of magic
 l - 4 potions of cure mutation
 o - a potion of mutation
 t - 3 potions of flight
Books
 d - a book of Minor Magic

   Spells                             Type                      Level
   a - Magic Dart                     Conjuration                  1
   b - Blink                          Translocation                2
   c - Call Imp                       Summoning                    2
   d - Repel Missiles                 Charms/Air                   2
   e - Slow                           Hexes                        2
   f - Conjure Flame                  Conjuration/Fire             3
   g - Mephitic Cloud                 Conjuration/Poison/Air       3
 j - a book of Cantrips

   Spells                             Type                      Level
   a - Confusing Touch                Hexes                        1
   b - Animate Skeleton               Necromancy                   1
   c - Summon Small Mammal            Summoning                    1
   d - Apportation                    Translocation                1
Comestibles
 f - 2 bread rations
 s - a royal jelly


   Skills:
 + Level 11.0(10.4) Fighting
 + Level 11.0(10.4) Axes
 + Level 12.2(11.5) Armour
 + Level 3.7(3.1) Dodging
 + Level 1.4(0.9) Stealth
 + Level 10.2(9.5) Shields


You had 7 spell levels left.
You didn't know any spells.

Dungeon Overview and Level Annotations

Branches:
Dungeon (1/1)

Altars:
Cheibriados
Dithmenos
Elyvilon
Fedhas
Gozag
Hepliaklqana
Kikubaaqudgha
Makhleb
Nemelex Xobeh
Okawaru
Qazlal
Ru
Sif Muna
Trog
Uskayaw
Vehumet
Xom
Yredelemnul
Zin
The Shining One
Beogh
Jiyva
Lugonu

Annotations:
D Josephine


Innate Abilities, Weirdness & Mutations

You reflexively headbutt those who attack you in melee.
You have a pair of horns on your head.
You are agile. (Dex +2)


Message History

Josephine is heavily wounded.
You closely miss the orc warrior.
The orc warrior hits you with a hand axe!
* * * LOW HITPOINT WARNING * * *
The orc warrior barely misses you. You block Josephine's attack.
An orc comes into view. It is wielding a dagger.
You hit Josephine.
Josephine is heavily wounded.
Your shield and scale mail prevent you from hitting the orc warrior.
You block the orc warrior's attack. You block Josephine's attack.
The orc warrior hits you from afar with a glaive.
* * * LOW HITPOINT WARNING * * *
Unknown command.
You slash Josephine!
Josephine is severely wounded.
You hit the orc warrior. You block the orc warrior's attack.
The orc cheers loudly, in orcish tradition.
The orc moves out of view.
Josephine is infused with unholy energy.
You die...

▓▓▓ ♣.############ ##
♣.#___#__[#__##$###
♣.#.).#__.#._#$...
♣♣.###'#)###)##ooo
♣..#..........#o$
♣..'.⌠........#o##
.♣.#...######'#†@#
...#.⌠.#__#...#@#####
...#...#__#...#.§§≈≈+
...#)###__#...#.#≈≈§#
...#)..#__#...'.#§@.#
...#___#__'...#.# §§#
▓▓▓▓▓▓▓▓▓▓▓▓▓▓▓▓▓ ▓▓


You could see Josephine, 2 orc warriors and an orc.

Vanquished Creatures
  A deep elf mage (D)
  A shadow (D)
  A spatial vortex (D)
  A necrophage (D)
  A water elemental (D)
  Crazy Yiuf (D)
  A jelly (D)
  A wizard (D)
  Jessica (D)
  A necromancer (D)
  3 humans (D)
  A kobold demonologist (D)
  2 oozes (D)
  4 orcs (D)
20 creatures vanquished.

Vanquished Creatures (others)
  2 draconian scorchers (D)
  6 hellions (D)
  A yaktaur (D)
  An orc (D)
10 creatures vanquished.

Grand Total: 30 creatures vanquished

Notes
Turn   | Place    | Note
-------+----------+-------------------------------------------
     0 | D        | dvd the Minotaur Fighter began the quest for the Orb.
     0 | D        | Reached XP level 1. HP: 19/19 MP: 0/0
     4 | D        | Reached skill level 4 in Armour
     6 | D        | Reached XP level 2. HP: 24/27 MP: 1/1
    12 | D        | Noticed Jessica
    15 | D        | Killed Jessica
    15 | D        | Reached skill level 5 in Fighting
    15 | D        | Reached skill level 5 in Armour
    15 | D        | Reached skill level 5 in Shields
    15 | D        | Reached XP level 3. HP: 34/36 MP: 2/2
    28 | D        | Noticed Crazy Yiuf
    37 | D        | Killed Crazy Yiuf
    37 | D        | Reached skill level 6 in Armour
    82 | D        | Killed a yaktaur
    85 | D        | Killed a hellion
    86 | D        | Killed a hellion
    96 | D        | Killed a hellion
   106 | D        | Killed a hellion
   158 | D        | Killed a hellion
   178 | D        | Killed a hellion
   206 | D        | Killed a white draconian scorcher
   206 | D        | Killed a white draconian scorcher
   348 | D        | Reached XP level 4. HP: 21/45 MP: 3/3
   523 | D        | Noticed a water elemental
   531 | D        | Killed a water elemental
   531 | D        | Reached skill level 5 in Axes
   531 | D        | Reached skill level 7 in Armour
   531 | D        | Reached XP level 5. HP: 13/52 MP: 4/4
   779 | D        | Found a glowing silver altar of Zin.
   779 | D        | Found a glowing golden altar of the Shining One.
   779 | D        | Found a white marble altar of Elyvilon.
   780 | D        | Noticed a deep elf mage
   788 | D        | Killed a deep elf mage
   788 | D        | Reached skill level 10 in Armour
   788 | D        | Reached skill level 1 in Stealth
   788 | D        | Reached XP level 6. HP: 21/66 MP: 5/5
   788 | D        | Reached XP level 7. HP: 22/71 MP: 6/6
  1024 | D        | Found a radiant altar of Vehumet.
  1024 | D        | Found a deep blue altar of Sif Muna.
  1024 | D        | Found an ancient bone altar of Kikubaaqudgha.
  1026 | D        | Reached skill level 11 in Armour
  1027 | D        | Noticed an ice devil
  1167 | D        | Found a hide-covered altar of Uskayaw.
  1167 | D        | Found a roughly hewn altar of Beogh.
  1167 | D        | Found an iron altar of Okawaru.
  1167 | D        | Found a bloodstained altar of Trog.
  1167 | D        | Noticed a human
  1170 | D        | Noticed a human
  1176 | D        | Killed a human
  1176 | D        | Reached skill level 10 in Fighting
  1177 | D        | Killed a human
  1185 | D        | Became a worshipper of Warmaster Okawaru
  1317 | D        | Found a basalt altar of Yredelemnul.
  1317 | D        | Found a shadowy altar of Dithmenos.
  1317 | D        | Found a sacrificial altar of Ru.
  1325 | D        | Reached skill level 10 in Axes
  1325 | D        | Reached skill level 10 in Shields
  1342 | D        | Noticed a shadow
  1348 | D        | Reached XP level 8. HP: 18/81 MP: 7/7
  1352 | D        | Reached skill level 12 in Armour
  1549 | D        | Found a blossoming altar of Fedhas.
  1549 | D        | Found a stormy altar of Qazlal.
  1550 | D        | Found a snail-covered altar of Cheibriados.
  1550 | D        | Found a burning altar of Makhleb.
  1550 | D        | Found a hazy altar of Hepliaklqana.
  1550 | D        | Found a shimmering altar of Xom.
  1550 | D        | Found an opulent altar of Gozag.
  1550 | D        | Found a sparkling altar of Nemelex Xobeh.
  1550 | D        | Found a corrupted altar of Lugonu.
  1550 | D        | Found a viscous altar of Jiyva.
  1676 | D        | Noticed Josephine
  1691 | D        | Gained mutation: You are agile. (Dex +2) [potion of mutation]
  1691 | D        | Gained mutation: Your flesh is cold resistant. (rC+) [potion of mutation]
  1691 | D        | Lost mutation: Your flesh is cold resistant. (rC+) [potion of mutation]
  1695 | D        | Killed from afar by Josephine

Skill      XL: |  1  2  3  4  5  6  7  8 |
---------------+-------------------------+-----
Fighting       | 4 5 6 7 9 10 11 | 11.0
Armour         | 4 5 6 7 10 11 12 | 12.2
Shields        | 4 5 6 7 9 10 | 10.2
Axes           | 3 4 5 8 10 11 | 11.0
Dodging        | 2 3 |  3.7
Stealth        | 1 |  1.4

Action                   |  1- 3 |  4- 6 |  7- 9 || total
-------------------------+-------+-------+-------++-------
Melee: War axe           |    16 |    12 |    53 ||    81
       Headbutt          |     2 |     2 |    11 ||    15
  Use: Potion            |       |     2 |     4 ||     6
  Eat: Chunk             |       |       |     2 ||     2
       Royal jelly       |       |       |     1 ||     1
Armor: Scale mail        |       |     1 |     7 ||     8
Dodge: Dodged            |     3 |     1 |    13 ||    17
Block: Shield            |     7 |     4 |    26 ||    37
